 Dungeon Crawl Stone Soup version 0.19-a0-1899-g2d93087 (webtiles) character file.

624 Psiweapon the Insei (level 7, -1/43 HPs)
             Began as an Octopode Transmuter on Oct 20, 2016.
             Shot with an arrow by a centaur (8 damage)
             ... on level 5 of the Dungeon.
             The game lasted 00:16:33 (5041 turns).

Psiweapon the Insei (Octopode Transmuter)           Turns: 5041, Time: 00:16:34

Health: -1/43      AC:  1    Str: 11    XL:     7   Next: 47%
Magic:  10/10      EV: 15    Int: 15    God:
Gold:   223        SH:  0    Dex: 16    Spells: 1 memorised, 9 levels left

rFire  + . .     SeeInvis .       - Unarmed
rCold  + . .     Gourm    .     (no shield)
rNeg   . . .     Faith    .     (helmet restricted)
rPois  +         Spirit   .     (no amulet)
rElec  +         Reflect  .     l - +3 ring of dexterity
rCorr  +         Harm     .     (no ring)
MR     .....                    (no ring)
Stlth  ++++......               (no ring)
                                (no ring)
                                (no ring)
                                (no ring)
                                (no ring)

@: appendage, resistant, drained
A: almost no armour, stealthy swim, amphibious, 8 rings, constrict 8, tentacle
spike 3, camouflage 1, gelatinous body 1
a: End Transformation


You were on level 5 of the Dungeon.
You were not hungry.
One of your tentacles had a temporary spike.
You visited 1 branch of the dungeon, and saw 6 of its levels.

You collected 223 gold pieces.

Inventory:

Hand Weapons
 b - a +0 blowgun
 r - a +0 shortbow
Missiles
 a - 56 arrows
 d - a throwing net (quivered)
 k - 26 poisoned needles
 o - 4 tomahawks
Jewellery
 j - an uncursed ring of teleportation
 l - a +3 ring of dexterity (left tentacle)
Scrolls
 e - 2 scrolls of amnesia
 g - a scroll of teleportation {unknown}
 h - 2 scrolls of identify {unknown}
 m - 2 scrolls of random uselessness {unknown}
 n - a scroll of fog {unknown}
 q - a scroll of remove curse
Potions
 p - a potion of resistance
Books
 i - a book of Changes

   Spells                             Type                      Level
   a - Beastly Appendage              Transmutation                1
   b - Sticks to Snakes               Transmutation                2
   c - Spider Form                    Transmutation/Poison         3
   d - Ice Form                       Ice/Transmutation            4
   e - Blade Hands                    Transmutation                5
Comestibles
 c - 2 bread rations
 f - a meat ration
 s - 2 chunks of flesh


   Skills:
 - Level 1.0(0.9) Fighting
 - Level 1.5(1.4) Throwing
 + Level 3.3 Dodging
 + Level 4.0 Stealth
 + Level 6.0 Unarmed Combat
 - Level 2.0(1.9) Spellcasting
 + Level 4.0 Transmutations


You had 9 spell levels left.
You knew the following spells:

 Your Spells              Type           Power        Failure   Level  Hunger
a - Beastly Appendage     Tmut           ##....       6%          1    ##.....


Dungeon Overview and Level Annotations

Branches:
Dungeon (6/15)
 Temple: D:4-7

Altars:
Makhleb


Innate Abilities, Weirdness & Mutations

You cannot wear most types of armour.
You are very stealthy in the water. (Stealth+)
You are amphibious.
You can wear up to eight rings at the same time.
You can use your tentacles to constrict eight enemies at once.
Your skin changes colour to match your surroundings (Stealth+).
Your rubbery body absorbs attacks. (AC +1, EV +1)
One of your tentacles bears a large vicious spike.


Message History

You tentacle-slap the centaur.
The centaur is moderately wounded.
The centaur hits you.
* * * LOW HITPOINT WARNING * * *
You tentacle-slap the centaur.
The centaur is moderately wounded.
The centaur closely misses you. The centaur hits you.
* * * LOW HITPOINT WARNING * * *
You barely miss the centaur.
The centaur is moderately wounded.
The centaur completely misses you.
You tentacle-slap the centaur.
You tentacle-slap the centaur, but do no damage.
The centaur is moderately wounded.
You tentacle-slap the centaur but do no damage.
You pierce the centaur, but do no damage.
You squeeze the centaur, but do no damage.
The centaur is moderately wounded.
The centaur shoots an arrow.
The arrow hits you!
You die...

## .. # .####
####### .... .......
..# # ###..#
######### ##c@..#
#.......### #((####
...####...####.c...#
#..# #........##c.#
...# #...###### #.#
...# #..## ..( ##.#
#... #!l #.......##
... ##.#.###.# ##


You could see 2 centaurs.

Vanquished Creatures
  A centaur (D:5)
  A scorpion (D:4)
  A wight (D:6)
  A howler monkey (D:4)
  A bullfrog zombie (D:5)
  2 hounds (D:4)
  2 bullfrog skeletons (D:4)
  3 worker ants (D:4)
  4 gnolls
  10 adders
  An ooze (D:2)
  2 adder skeletons (D:4)
  A worm (D:3)
  A dart slug (D:1)
  2 leopard geckos
  An orc (D:4)
  3 ball pythons
  4 giant cockroaches
  3 goblins
  8 hobgoblins
  5 jackals
  2 quokkas
  5 bats (D:3)
  2 frilled lizards
  8 kobolds
  3 rats (D:2)
77 creatures vanquished.

Notes
Turn   | Place    | Note
-------+----------+-------------------------------------------
     0 | D:1      | Psiweapon the Octopode Transmuter began the quest for the Orb.
     0 | D:1      | Reached XP level 1. HP: 13/13 MP: 3/3
   247 | D:1      | Reached XP level 2. HP: 17/18 MP: 3/5
   629 | D:2      | Reached XP level 3. HP: 13/23 MP: 4/6
  1178 | D:2      | Reached skill level 1 in Stealth
  1178 | D:2      | Reached skill level 4 in Unarmed Combat
  1178 | D:2      | Reached XP level 4. HP: 18/28 MP: 7/7
  2523 | D:3      | Reached XP level 5. HP: 22/33 MP: 8/8
  2851 | D:3      | Found a burning altar of Makhleb.
  3195 | D:4      | Reached XP level 6. HP: 36/38 MP: 7/9
  3202 | D:4      | Reached skill level 5 in Unarmed Combat
  3233 | D:4      | Reached skill level 1 in Throwing
  3686 | D:5      | Entered Level 5 of the Dungeon
  4047 | D:4      | Reached XP level 7. HP: 43/43 MP: 10/10
  4890 | D:5      | Reached skill level 6 in Unarmed Combat
  5041 | D:5      | Shot with an arrow by a centaur

Vault maps used:
D:1:      lemuel_arrival_lava_pool
D:3:      lemuel_coloured_pillars_altar
D:4:      first_bread
D:5:      uniq_crazy_yiuf_cottage
D:6:      zin_statuary

Skill      XL: |  1  2  3  4  5  6  7 |
---------------+----------------------+-----
Stealth        | 1 2 3 4 |  4.0
Unarmed Combat | 4 5 6 |  6.0
Transmutations | 3 4 |  4.0
Dodging        | 3 |  3.3
Throwing       | 1 |  1.5
Fighting       | |  1.0
Spellcasting   | |  2.0

Action                   |  1- 3 |  4- 6 |  7- 9 || total
-------------------------+-------+-------+-------++-------
Melee: Unarmed           |    66 |   126 |    28 ||   220
       Constrict         |    16 |    33 |     3 ||    52
       Tentacles         |    10 |    26 |     7 ||    43
       Kick              |     9 |    25 |     5 ||    39
       Punch             |     1 |     4 |     3 ||     8
 Fire: Blowgun           |       |    17 |     3 ||    20
 Cast: Beastly Appendage |    18 |    35 |     5 ||    58
  Use: Potion            |     2 |       |     1 ||     3
       Scroll            |     2 |       |       ||     2
 Stab: Sleeping          |     2 |     8 |     1 ||    11
  Eat: Chunk             |     1 |    10 |     1 ||    12
       Bread ration      |       |       |     1 ||     1
Armor: Skin              |     1 |    11 |     1 ||    13
Dodge: Dodged            |    35 |    82 |    22 ||   139
